 Dungeon Crawl Stone Soup version 0.29-a0-319-gad05b8d819 (webtiles) character file.

Game seed: 17208211411195431160

144 Murumi the Skirmisher (level 5, -4/40 (42) HPs)
             Began as a Formicid Abyssal Knight on Apr 2, 2022.
             Was a Priest of Lugonu.
             Killed from afar by Natasha (8 damage)
             ... with a magic dart
             ... on level 3 of the Dungeon.
             The game lasted 00:09:12 (2963 turns).

Murumi the Skirmisher (Formicid Abyssal Knight)     Turns: 2963, Time: 00:09:14

HP:   -4/40 (42)    AC:  9    Str: 19    XL:     5   Next: 52%
MP:   7/7           EV:  7    Int: 10    God:    Lugonu [***...]
Gold: 104           SH:  0    Dex: 11    Spells: 4/4 levels left

rFire   . . .      SeeInvis +   g - +0 flail
rCold   . . .      Faith    .   (no shield)
rNeg    . . .      Spirit   .   b - +0 chain mail
rPois   .          Reflect  .   (helmet unavailable)
rElec   .          Harm     .   (no cloak)
rCorr   .          Rampage  .   (no gloves)
Will    .....                   (no boots)
Stlth   ..........              (no amulet)
HPRegen 0.13/turn               (no ring)
MPRegen 0.10/turn               (no ring)

@: lightly drained
A: permanent stasis, dig shafts and tunnels, antennae 3, four strong arms
a: Dig, Shaft Self, Renounce Religion, Depart the Abyss, Bend Space, Banish


You were on level 3 of the Dungeon.
You worshipped Lugonu.
Lugonu was most pleased with you.
You visited 1 branch of the dungeon, and saw 3 of its levels.
You visited the Abyss 1 time.

You collected 104 gold pieces.

Inventory:

Hand Weapons
 g - a +0 flail (weapon)
Armour
 b - a +0 chain mail (worn)
Wands
 f - a wand of paralysis (8)
Potions
 a - a potion of mutation {unknown}
 c - a potion of might {unknown}
 d - a potion of brilliance {unknown}
 e - 2 potions of haste {unknown}
 h - a potion of curing {unknown}
 i - a potion of heal wounds


   Skills:
 - Level 4.0 Fighting
 - Level 3.0 Maces & Flails
 + Level 3.6 Armour
 - Level 1.0 Dodging
 - Level 2.0 Stealth
 - Level 3.0 Invocations
 - Level 1.0 Evocations


You had 4 spell levels left.
You didn't know any spells.
Your spell library contained the following spells:

 Spells                   Type           Power      Damage    Failure   Level
 Animate Skeleton         Necr           0%         N/A       99%         1
 Apportation              Tloc           0%         N/A       99%         1
 Summon Small Mammal      Summ           0%         N/A       99%         1
 Ensorcelled Hibernation  Hex/Ice        0%         N/A       100%        2
 Spider Form              Tmut/Pois      0%         N/A       100%        3
 Anguish                  Hex/Necr       0%         N/A       100%        4


Dungeon Overview and Level Annotations

Branches:
Dungeon (3/15)

Altars:

Shops:
D:2 !

Annotations:
D:3 Natasha


Innate Abilities, Weirdness & Mutations

You cannot be hasted, slowed, berserked, paralysed or teleported.
You can dig through walls and to a lower floor.
You have a pair of large antennae on your head. (SInv)
Your four strong arms can wield two-handed weapons with a shield.


Message History

The orc is moderately wounded.
The orc closely misses you.
You closely miss the orc.
The orc is moderately wounded.
The orc hits you with a +0 trident. The orc closely misses you.
You thump the orc!
You kill the orc!
Lugonu accepts your kill. Natasha claws you.
You closely miss Natasha. Natasha claws you.
You closely miss Natasha.
Natasha extends her claws.
Natasha claws you.
You hit Natasha but do no damage. Natasha claws you.
You are too injured to fight recklessly!
You are too injured to fight recklessly!
You barely miss Natasha.
Natasha howls an incantation.
Natasha shimmers violently.
Natasha claws you but does no damage. Natasha claws you.
You hit Natasha.
Natasha is moderately wounded.
Natasha casts a spell at you. The magic dart hits you!
* * * LOW HITPOINT WARNING * * *
You hit Natasha.
Natasha is heavily wounded.
Natasha claws you but does no damage.
You hit Natasha.
Natasha is severely wounded.
Natasha claws you.
* * * LOW HITPOINT WARNING * * *
You barely miss Natasha.
Natasha is severely wounded.
Natasha claws you but does no damage.
Natasha howls an incantation.
You feel disoriented.
Natasha stares at you and mumbles some strange words.
The magic dart hits you!
You die...

.. #.# #..# #.# # ...
#.###. .. ### #.##..
#> ####.# #.##..
#h###....# #.##..
###.@......# #.##..
#........#######.##..
#.##..##.............
.. ##..<.########.#..
#.# #................
# #..........####....
............## #....
.##.##.####.# #...#..
... .. .....###..


You could see Natasha.

Vanquished Creatures
  Robin (D:3)
  4 adders
  3 gnolls (D:2)
  A dart slug (D:2)
  2 orcs (D:3)
  5 bats
  2 endoplasms
  3 giant cockroaches (D:1)
  12 goblins
  12 hobgoblins
  3 kobolds
  A quokka (D:1)
  6 ball pythons
  A frilled lizard (D:2)
  6 rats
62 creatures vanquished.

Notes
Turn   | Place    | Note
-------+----------+-------------------------------------------
     0 | Abyss:1  | Murumi the Formicid Abyssal Knight began the quest for the
                  | Orb.
     0 | Abyss:1  | Reached XP level 1. HP: 18/18 MP: 2/2
    12 | D:1      | Escaped the Abyss
    58 | D:1      | Reached skill level 1 in Dodging
   109 | D:1      | Reached XP level 2. HP: 17/25 MP: 3/3
   273 | D:1      | Reached skill level 4 in Fighting
  1016 | D:1      | Reached XP level 3. HP: 29/30 MP: 4/4
  1270 | D:2      | Found Ymno's Distillery.
  1412 | D:2      | Reached skill level 1 in Stealth
  1412 | D:2      | Reached XP level 4. HP: 37/37 MP: 6/6
  1468 | D:2      | Reached skill level 1 in Evocations
  1473 | D:2      | Reached *** piety under Lugonu
  1957 | D:2      | Reached XP level 5. HP: 42/42 MP: 7/7
  2115 | D:2      | Identified the +2 robe of the Harvest Moon {Fly}
  2780 | D:3      | Noticed Robin
  2798 | D:3      | Killed Robin
  2952 | D:3      | Noticed Natasha
  2963 | D:3      | Killed from afar by Natasha

Illustrated notes

Levels and vault maps discovered:
D:1:      lightli_arrival_windingriver, layout_loops_corners,
          minmay_tetromino_i4
D:2:      layout_basic, serial_aquarium, aquarium_bridge_square
          [aquarium_subvault_bridge, aquarium_subvault_bridge,
          aquarium_subvault_wall, aquarium_subvault_wall],
          aquarium_bridge_square [aquarium_subvault_bridge,
          aquarium_subvault_window, aquarium_subvault_bridge,
          aquarium_subvault_wall], aquarium_window_3, aquarium_window_fake,
          aquarium_window_fake, aquarium_window_2, aquarium_view_2f,
          aquarium_balcony_1b, serial_shops, nicolae_shop_crystal
D:3:      layout_rooms, chequers_ecumenical_altar_simple_redux, uniq_natasha,
          uniq_robin

Skill      XL: |  1  2  3  4  5 |
---------------+----------------+-----
Dodging        | 1 |  1.0
Fighting       | 4 |  4.0
Armour         | 3 |  3.6
Invocations    | 3 |  3.0
Stealth        | 1 2 |  2.0
Evocations     | 1 |  1.0
Maces & Flails | 3 |  3.0

Action                   |  1- 3 |  4- 6 || total
-------------------------+-------+-------++-------
Melee: Mace              |    17 |       ||    17
       Whip              |    82 |    63 ||   145
       Flail             |       |    64 ||    64
 Abil: Dig               |       |     1 ||     1
  Use: Scroll            |     1 |     2 ||     3
       Potion            |       |     2 ||     2
Armor: Leather armour    |    13 |       ||    13
       Chain mail        |    39 |    45 ||    84
       Ring mail         |     1 |       ||     1
Dodge: Dodged            |    49 |    40 ||    89

Table legend: (Time is in decaauts)
 A = Elapsed time spent in this place.
 B = Non-inter-level travel time spent in this place.
 C = Inter-level travel time spent in this place.
 D = Time resting spent in this place.
 E = Time spent auto-exploring this place.
 F = Levels seen in this place.
 G = Mean time per level.
                   A        B        C        D        E       F      G
               +--------+--------+--------+--------+--------+-----+--------+
         Total |   2988 |   2754 |    234 |      7 |   2205 |   4 |  747.0 |
       Dungeon |   2976 |   2742 |    234 |      7 |   2202 |   3 |  992.0 |
         Abyss |     12 |     12 |      0 |      0 |      3 |   1 |   12.0 |
               +--------+--------+--------+--------+--------+-----+--------+

Top non-repeatable levels by time:
     D:2: 1486 daAuts
     D:1: 1260 daAuts
     D:3: 229 daAuts
 Abyss:1: 12 daAuts
